 Dungeon Crawl Stone Soup version 0.19.0-11-g3fc08b3 (webtiles) character file.

11903 Jerry the Protected (level 11, 0/74 HPs)
             Began as a Gargoyle Fighter on Nov 9, 2016.
             Was a High Priest of Okawaru.
             Killed from afar by an orc wizard (9 damage)
             ... with a puff of flame
             ... on level 10 of the Dungeon.
             The game lasted 01:06:45 (10986 turns).

Jerry the Protected (Gargoyle Fighter)             Turns: 10986, Time: 01:06:46

Health: 0/74       AC: 17    Str: 21    XL:     11   Next: 85%
Magic:  13/13      EV: 12    Int:  8    God:    Okawaru [*****.]
Gold:   1071       SH:  5    Dex: 12    Spells: 0 memorised, 10 levels left

rFire  . . .     SeeInvis .     F - +0 whip (venom)
rCold  . . .     Gourm    .     a - +0 troll leather armour
rNeg   + + .     Faith    .     K - +0 buckler {rN+}
rPois  ∞         Spirit   .     (no helmet)
rElec  +         Reflect  .     H - +0 cloak
rCorr  .         Harm     .     (no gloves)
MR     .....                    (no boots)
Stlth  +.........               D - amulet of regeneration
                                A - +2 ring of protection
                                (no ring)

@: very slightly contaminated, hasted, very quick
A: negative energy resistance 1, electricity resistance, unbreathing,
petrification resistance, rot immunity, AC +7
a: Heroism, Finesse, Renounce Religion


You were on level 10 of the Dungeon.
You worshipped Okawaru.
Okawaru was extremely pleased with you.
You were not hungry.

You visited 2 branches of the dungeon, and saw 11 of its levels.
You also visited: Sewer and Bailey.

You collected 1071 gold pieces.

Inventory:

Hand Weapons
 F - a +0 whip of venom (weapon)
 G - a +0 vampiric morningstar
Missiles
 h - 55 tomahawks of returning (quivered)
Armour
 a - a +0 troll leather armour (worn)
 z - a +1 chain mail of magic resistance
 H - a +0 cloak (worn)
 K - a +0 buckler of positive energy (worn)
 N - a +4 ring mail of fire resistance
Jewellery
 l - an uncursed amulet of the gourmand
 s - an uncursed amulet of guardian spirit {unknown}
 A - a +2 ring of protection (right hand)
 C - an uncursed ring of positive energy
 D - an amulet of regeneration (around neck)
Wands
 b - a wand of iceblast (3/15)
 t - a wand of lightning (12/15)
 y - a wand of hasting (3/9)
Scrolls
 e - 3 scrolls of enchant weapon
 j - a scroll of identify
 q - a scroll of fear
 r - 2 scrolls of remove curse
 B - a scroll of enchant armour
 E - a scroll of recharging
Potions
 c - 4 potions of magic {unknown}
 d - 2 potions of flight
 g - a potion of invisibility {unknown}
 k - 2 potions of resistance
 m - 2 potions of brilliance
 n - 8 potions of curing {unknown}
 u - a potion of degeneration {unknown}
 w - 3 potions of heal wounds {unknown}
 x - a potion of beneficial mutation {unknown}
 O - a potion of mutation {unknown}
 R - 2 potions of cancellation {unknown}
Books
 J - a book of Maledictions

   Spells                             Type                      Level
   a - Corona                         Hexes                        1
   b - Ensorcelled Hibernation        Hexes/Ice                    2
   c - Confuse                        Hexes                        3
   d - Tukima's Dance                 Hexes                        3
   e - Dazzling Spray                 Conjuration/Hexes            3
Comestibles
 f - 9 bread rations
 o - 3 beef jerkies
 p - 7 meat rations
 v - a slice of pizza


   Skills:
 - Level 11.1 Fighting
 + Level 10.7 Maces & Flails
 + Level 11.9 Armour
 - Level 2.0 Dodging
 - Level 4.2 Shields
 + Level 3.1 Invocations


You had 10 spell levels left.
You didn't know any spells.

Dungeon Overview and Level Annotations

Branches:
Dungeon (10/15)            Temple (1/1) D:6
   Lair: D:8-11         Orc: D:9-12

Altars:
Ashenzari
Cheibriados
Dithmenos
Elyvilon
Fedhas
Gozag
Hepliaklqana
Kikubaaqudgha
Makhleb
Nemelex Xobeh
Okawaru
Qazlal
Ru
Sif Muna
Trog
Uskayaw
Vehumet
Xom
Yredelemnul
Zin
The Shining One

Shops:
D:8 :

Annotations:
D:10 Andry07's ghost, novice GrFi


Innate Abilities, Weirdness & Mutations

You are resistant to torment.
Your stone body is resilient. (AC +7)
You are immune to poison.
You resist negative energy. (rN+)
You are resistant to electric shocks. (rElec)
You can survive without breathing.
You are immune to petrification.
You are immune to rotting.


Message History

The fire dragon claws you but does no damage.
You block the fire dragon's attack. The great orb of eyes bites you!
* * * LOW HITPOINT WARNING * * *
Okay, then.
As you read the scroll of fear, it crumbles to dust.
You assume a fearsome visage.
The fire dragon resists with some effort.
The bullfrog skeleton is unaffected.
The necrophage is unaffected.
The bullfrog zombie is unaffected.
The great orb of eyes looks frightened!
The slime creature looks frightened!
The troll looks frightened!
A fire dragon, an orc and an orc wizard come into view.
The fire dragon roars deafeningly!
The jelly quivers.
The orc shouts!
Found a dagger.
There is an open door, spattered with blood here.
A hound comes into view.
The orc wizard gestures at you while chanting.
The puff of flame hits you!
You die...

#...#.#.###.#.##....#
#...#.######..##..#C...#
....#.C.......#####.####
#########o#########'###
....# ?%#.#.o.#..(....
#'#.#.!$##.J#.#)#.#.#
..#^#.......J.#T....
###.###.....#.#.#.#.#.#.
..')+....#..CZD.@..(..h.
###.# #....n#Z#o#.#.#.#.
..#.# ).H.....#.D...
#'#.# ?.##.G#.#.#o#.#
....# #.#...#.......
##### # #########'###
.#..# .# ...## # ....#


You could see a frost giant, a fire dragon, a troll (fleeing), a necrophage, a
hound (wandering), an orc wizard, an orc, a bullfrog zombie and a bullfrog
skeleton.

Vanquished Creatures
  An ogre mage (D:10)
  A hydra (D:10)
  2 centaur warriors (D:10)
  A hill giant (D:10)
  The ghost of Rrauwl the Cleaver, a novice MiBe of Trog (D:6)
  An orc knight (D:10)
  A manticore (D:10)
  Maurice (D:8)
  A tengu conjurer (D:10)
  4 trolls
  A two-headed ogre (D:9)
  A hornet (D:10)
  A hippogriff (D:8)
  Eustachio (D:5)
  A wraith (D:10)
  Menkaure (D:4)
  A mottled dragon (D:10)
  11 orc warriors
  A sky beast (D:9)
  2 ice beasts
  A necrophage (D:10)
  5 ogres
  5 centaurs
  The ghost of Jerry the Shield-Bearer, an amateur GrFi (D:3)
  3 big kobolds
  2 bullfrogs
  A wyvern skeleton (D:6)
  A scorpion (D:10)
  2 wights (D:6)
  6 howler monkeys
  5 crimson imps
  2 bullfrog zombies (D:8)
  2 hounds
  7 orc priests
  2 centaur skeletons (D:10)
  10 orc wizards
  3 iguanas
  7 worker ants
  A centaur simulacrum (D:10)
  A hound zombie (D:8)
  A worker ant zombie (D:8)
  16 gnolls
  11 adders
  4 shadow imps
  2 oozes (Sewer)
  An adder zombie (D:5)
  An adder skeleton (D:7)
  3 worms
  3 dart slugs
  2 leopard geckos
  46 orcs
  5 ball pythons
  12 bats
  8 giant cockroaches
  15 goblins
  8 hobgoblins
  19 jackals
  40 kobolds
  5 quokkas
  10 frilled lizards
  A jackal zombie (D:5)
  14 rats
329 creatures vanquished.

Vanquished Creatures (others)
  A sky beast (D:8)
  3 wights (D:6)
  2 orc priests (D:8)
  An orc wizard (D:8)
  A worker ant (D:6)
  2 orcs (D:8)
  2 fungi (D:10)
12 creatures vanquished.

Grand Total: 341 creatures vanquished

Notes
Turn   | Place    | Note
-------+----------+-------------------------------------------
     0 | D:1      | Jerry the Gargoyle Fighter began the quest for the Orb.
     0 | D:1      | Reached XP level 1. HP: 14/14 MP: 1/1
   208 | D:1      | Reached XP level 2. HP: 14/19 MP: 2/2
   620 | D:1      | Reached XP level 3. HP: 14/23 MP: 3/3
  1358 | D:2      | Reached XP level 4. HP: 26/29 MP: 4/4
  1443 | D:2      | Found a glowing silver altar of Zin.
  1490 | D:2      | Found a snail-covered altar of Cheibriados.
  1777 | D:3      | Noticed Jerry's ghost (amateur GrFi)
  1787 | D:3      | Killed Jerry's ghost
  1787 | D:3      | Reached XP level 5. HP: 14/33 MP: 5/5
  2038 | D:3      | Found a glowing drain.
  2042 | Sewer    | Entered a sewer
  2292 | Sewer    | Noticed a big kobold
  2295 | Sewer    | Killed a big kobold
  2295 | Sewer    | Reached XP level 6. HP: 40/40 MP: 6/6
  2674 | D:3      | Reached skill level 5 in Fighting
  2956 | D:4      | Reached skill level 5 in Armour
  3080 | D:4      | Reached XP level 7. HP: 44/44 MP: 7/7
  3112 | D:4      | HP: 2/44 [ice beast (9)]
  3432 | D:4      | Found a hide-covered altar of Uskayaw.
  3830 | D:4      | Noticed Menkaure
  3843 | D:4      | Killed Menkaure
  3939 | D:4      | Found a burning altar of Makhleb.
  3940 | D:4      | Found a shimmering altar of Xom.
  4329 | D:4      | Reached skill level 5 in Maces & Flails
  4461 | D:4      | Found a shimmering altar of Xom.
  4665 | D:4      | Reached XP level 8. HP: 52/52 MP: 8/8
  4703 | D:5      | Entered Level 5 of the Dungeon
  5101 | D:5      | Noticed Eustachio
  5113 | D:5      | Killed Eustachio
  5316 | D:6      | Noticed Rrauwl's ghost (novice MiBe)
  5346 | D:6      | Killed Rrauwl's ghost
  5346 | D:6      | Reached XP level 9. HP: 19/58 MP: 9/9
  5411 | D:6      | Found a staircase to the Ecumenical Temple.
  5418 | Temple   | Entered the Ecumenical Temple
  5463 | Temple   | Became a worshipper of Warmaster Okawaru
  6276 | D:7      | Reached * piety under Okawaru
  6292 | D:7      | Found a stormy altar of Qazlal.
  6956 | D:7      | Found a shadowy altar of Dithmenos.
  7100 | D:7      | Found a faded altar of an unknown god.
  7100 | D:7      | Found a faded altar of an unknown god.
  7105 | D:7      | Found a faded altar of an unknown god.
  7107 | D:7      | Found a faded altar of an unknown god.
  7108 | D:7      | Found a hazy altar of Hepliaklqana.
  7172 | D:8      | Found an opulent altar of Gozag.
  7414 | D:8      | Found a shimmering altar of Xom.
  7490 | D:8      | Reached XP level 10. HP: 60/66 MP: 8/10
  7512 | D:8      | Reached ** piety under Okawaru
  7580 | D:8      | Found a radiant altar of Vehumet.
  7637 | D:8      | Found Mamp's Book Shop.
  7649 | D:8      | Noticed Maurice
  7678 | D:8      | Killed Maurice
  8330 | D:9      | Reached *** piety under Okawaru
  8343 | D:9      | Reached skill level 10 in Fighting
  8372 | D:9      | Reached skill level 10 in Armour
  8412 | D:9      | Found a flagged portal.
  8472 | Bailey   | Entered a bailey
  9416 | D:9      | Reached **** piety under Okawaru
  9524 | D:9      | Found a bloodstained altar of Trog.
  9959 | D:10     | Entered Level 10 of the Dungeon
  9961 | D:10     | Noticed Andry07's ghost (novice GrFi)
 10389 | D:10     | Noticed a hill giant
 10411 | D:10     | Killed a hill giant
 10411 | D:10     | Reached skill level 1 in Dodging
 10411 | D:10     | Reached XP level 11. HP: 64/73 MP: 9/11
 10439 | D:10     | Noticed a manticore
 10466 | D:10     | Killed a manticore
 10566 | D:10     | Noticed a six-headed hydra
 10607 | D:10     | Killed a six-headed hydra
 10680 | D:10     | Noticed an ogre mage
 10698 | D:10     | Paralysed by an ogre mage for 3 turns
 10702 | D:10     | Killed an ogre mage
 10702 | D:10     | Reached ***** piety under Okawaru
 10702 | D:10     | Reached skill level 10 in Maces & Flails
 10753 | D:10     | Noticed an orc knight
 10797 | D:10     | Killed an orc knight
 10832 | D:10     | Noticed a centaur warrior
 10874 | D:10     | Killed a centaur warrior
 10874 | D:10     | Reached skill level 1 in Invocations
 10893 | D:10     | Noticed a centaur warrior
 10954 | D:10     | Killed a centaur warrior
 10956 | D:10     | Noticed an ettin
 10964 | D:10     | Noticed an ettin
 10972 | D:10     | Noticed a harpy
 10972 | D:10     | Noticed a great orb of eyes
 10972 | D:10     | Noticed a frost giant
 10973 | D:10     | Noticed a fire dragon
 10984 | D:10     | Noticed a fire dragon
 10986 | D:10     | Killed from afar by an orc wizard

Skill      XL: |  1  2  3  4  5  6  7  8  9 10 11 |
---------------+----------------------------------+-----
Maces & Flails | 3 4 5 6 8 9 10 | 10.7
Shields        | 4 |  4.2
Fighting       | 4 5 6 7 9 10 11 | 11.1
Armour         | 4 5 6 7 9 10 11 | 11.9
Dodging        | 1 2 |  2.0
Invocations    | 3 |  3.1

Action                   |  1- 3 |  4- 6 |  7- 9 | 10-12 || total
-------------------------+-------+-------+-------+-------++-------
Melee: Flail             |   136 |   274 |   252 |       ||   662
       Whip              |       |       |   280 |   928 ||  1208
Throw: Tomahawk          |       |       |       |    10 ||    10
Invok: Heroism           |       |       |     2 |    13 ||    15
 Abil: Evoke Flight      |       |       |       |     3 ||     3
       Stop Flying       |       |       |       |     1 ||     1
Evoke: Wand              |       |       |     3 |     5 ||     8
  Use: Potion            |       |     2 |     5 |     2 ||     9
       Scroll            |       |    14 |     3 |    10 ||    27
  Eat: Chunk             |     2 |     6 |    14 |    13 ||    35
       Pizza             |       |       |     1 |       ||     1
Armor: Scale mail        |    94 |   134 |       |       ||   228
       Chain mail        |       |    23 |   261 |   215 ||   499
       Troll leather arm |       |       |       |   148 ||   148
Dodge: Dodged            |    90 |   116 |   142 |   309 ||   657
Block: Buckler           |       |    65 |    92 |   160 ||   317
